 Dungeon Crawl Stone Soup version 0.28.0-49-g6dfe1f597d (webtiles) character file.

Game seed: 11211090918458327561

91 pkoi the Insei (level 4, -1/37 HPs)
             Began as a Demigod Gladiator on May 17, 2022.
             Slain by a wyvern zombie (10 damage)
             ... on level 3 of the Dungeon.
             The game lasted 00:06:33 (3802 turns).

pkoi the Insei (Demigod Gladiator)                  Turns: 3802, Time: 00:06:34

Health: -1/37      AC:  6    Str: 15    XL:     4   Next: 12%
Magic:  8/8        EV: 12    Int: 14    God:
Gold:   219        SH:  0    Dex: 15    Spells: 3/5 levels left

rFire   . . .      SeeInvis .     - Unarmed
rCold   + . .      Faith    .   (no shield)
rNeg    . . .      Spirit   .   q - +2 robe {rC+}
rPois   .          Reflect  .   b - +0 helmet
rElec   .          Harm     .   (no cloak)
rCorr   .          Rampage  .   h - +0 pair of gloves
Will    .....                   (no boots)
Stlth   +.........              (no amulet)
HPRegen 0.12/turn               (no ring)
MPRegen 0.11/turn               (no ring)

@: no status effects
A: high MP 1, forlorn, divine attributes
a: no special abilities


You were on level 3 of the Dungeon.
You visited 1 branch of the dungeon, and saw 3 of its levels.

You collected 219 gold pieces.

Inventory:

Hand Weapons
 d - a +0 hunting sling
 e - a +0 dagger
 n - a +2 hunting sling of freezing
Missiles
 c - 3 throwing nets (quivered)
 g - 3 boomerangs
 o - 38 stones
 r - 3 curare-tipped darts
Armour
 a - a +0 leather armour
 b - a +0 helmet (worn)
 h - a +0 pair of gloves (worn)
 q - a +2 robe of cold resistance (worn)
Scrolls
 f - a scroll of identify
 i - a scroll of teleportation
Potions
 k - a potion of curing
 l - a potion of might
 m - 2 potions of flight
 p - a potion of berserk rage


   Skills:
 + Level 2.6 Fighting
 - Level 1.7 Throwing
 - Level 2.6 Dodging
 * Level 4.0 Unarmed Combat
 - Level 1.0 Spellcasting
 + Level 0.1 Conjurations
 + Level 0.1 Air Magic


You had 3 spell levels left.
You knew the following spells:

 Your Spells              Type           Power      Damage    Failure   Level
a - Static Discharge      Conj/Air       0%         N/A       36%         2

Your spell library contained the following spells:

 Spells                   Type           Power      Damage    Failure   Level
 Slow                     Hex            0%         N/A       26%         1
 Call Canine Familiar     Summ           0%         N/A       61%         3
 Confusing Touch          Hex            0%         N/A       61%         3
 Ozocubu's Armour         Ice            0%         N/A       61%         3
 Portal Projectile        Hex/Tloc       0%         N/A       61%         3
 Vampiric Draining        Necr           0%         2d6       61%         3
 Leda's Liquefaction      Hex/Erth       0%         N/A       95%         4
 Lightning Bolt           Conj/Air       0%         1d11      100%        5
 Ozocubu's Refrigeration  Ice            0%         4d5       100%        7
 Maxwell's Capacitive Co  Air            0%         ∞         100%        8


Dungeon Overview and Level Annotations

Branches:
Dungeon (3/15)

Shops:
D:2 ?[=[


Innate Abilities, Weirdness & Mutations

You have an increased reservoir of magic. (+10% MP)
You shall have no god before yourself.
Your divine heritage dramatically boosts your attributes as you level up.


Message History

You are too injured to fight recklessly!
You are too injured to fight recklessly!
You are too injured to fight recklessly!
You are too injured to fight recklessly!
You hit the wyvern zombie but do no damage.
The wyvern zombie is heavily damaged.
The wyvern zombie closely misses you.
You hit the wyvern zombie.
The wyvern zombie is severely damaged.
The wyvern zombie barely misses you.
You hit the wyvern zombie.
The wyvern zombie is severely damaged.
The wyvern zombie bites you but does no damage.
The wyvern zombie bites you!
* * * LOW HITPOINT WARNING * * *
You hit the wyvern zombie but do no damage.
The wyvern zombie is severely damaged.
The wyvern zombie misses you.
You hit the wyvern zombie.
The wyvern zombie is severely damaged.
The wyvern zombie misses you.
You hit the wyvern zombie but do no damage.
The wyvern zombie is severely damaged.
The wyvern zombie misses you.
You barely miss the wyvern zombie.
The wyvern zombie is severely damaged.
The wyvern zombie bites you.
* * * LOW HITPOINT WARNING * * *
You hit the wyvern zombie.
The wyvern zombie is almost destroyed.
The wyvern zombie closely misses you.
The wyvern zombie bites you but does no damage.
You completely miss the wyvern zombie.
The wyvern zombie is almost destroyed.
The wyvern zombie bites you!
* * * LOW HITPOINT WARNING * * *
You barely miss the wyvern zombie.
The wyvern zombie is almost destroyed.
The wyvern zombie bites you!
You die...

##############.####.#.#######..#
#..............#.[..#.########.#
##.#############.####.#........##
#.# #....#.####.#.#####...# #.#
#.##.#......#..# #.#.# #.#
#.#...........<# #)#.. #.#
#.#..######....# #.##. #.#
#.#..#.Z.##.##.####.##. #.#
#.#..#@# #.##......##.
#.########.#..#.# #.###########
#.....(....#..#.# #.# #.......
#########.......# #.# #.######
#.####### #.# #.#..... #.# #.#
#.#..... #.# ##.###### #.#
#........ #.# #.....[..


You could see a wyvern zombie.

Vanquished Creatures
  Jessica (D:2)
  2 adders (D:3)
  2 dart slugs (D:1)
  4 endoplasms
  2 giant cockroaches (D:1)
  5 goblins
  5 hobgoblins
  6 kobolds
  A quokka (D:1)
  5 ball pythons
  2 bats
  4 frilled lizards
  5 rats
44 creatures vanquished.

Vanquished Creatures (others)
  9 fungi (D:3)
  6 toadstools (D:3)
15 creatures vanquished.

Grand Total: 59 creatures vanquished

Notes
Turn   | Place    | Note
-------+----------+-------------------------------------------
     0 | D:1      | pkoi the Demigod Gladiator began the quest for the Orb.
     0 | D:1      | Reached XP level 1. HP: 17/17 MP: 3/3
   195 | D:1      | Reached skill level 3 in Unarmed Combat
   257 | D:1      | Reached XP level 2. HP: 24/24 MP: 4/4
  1466 | D:2      | Reached XP level 3. HP: 10/29 MP: 5/5
  1954 | D:2      | Found Leeqiham's Jewellery Shop.
  1981 | D:2      | Found Uxaci Zounou's Armour Emporium.
  1984 | D:2      | Noticed Jessica
  2007 | D:2      | Killed Jessica
  2011 | D:2      | HP: 1/30 [frozen (3)]
  2517 | D:2      | Found Siageam's Magic Scroll Shoppe.
  2663 | D:2      | Found Laxig's Armour Shop.
  3075 | D:3      | Reached skill level 1 in Spellcasting
  3075 | D:3      | Reached XP level 4. HP: 27/37 MP: 8/8
  3301 | D:3      | Noticed a shadow
  3464 | D:3      | Learned a level 2 spell: Static Discharge
  3619 | D:3      | Reached skill level 4 in Unarmed Combat
  3802 | D:3      | Slain by a wyvern zombie

Illustrated notes

Levels and vault maps discovered:
D:1:      saegor_arrival_simple_d, layout_loops_ring,
          chequers_ecumenical_altar_twisty
D:2:      layout_basic, serial_shops, nicolae_diamond_shop, shop,
          nicolae_shop_crystal, nicolae_shop_competitors_out_of_business,
          minmay_tromino_v4_a, uniq_jessica
D:3:      layout_basic, riverfiend_overflow_shadow_ancestor,
          nemelex_xobeh_ov_fountains_minmay, minmay_gold_behind_fungi

Skill      XL: |  1  2  3  4 |
---------------+-------------+-----
Fighting       | 2 |  2.6
Unarmed Combat | 3 4 |  4.0
Spellcasting   | 1 |  1.0
Throwing       | |  1.7
Dodging        | |  2.6
Conjurations   | |  0.1
Air Magic      | |  0.1

Action                   |  1- 3 |  4- 6 || total
-------------------------+-------+-------++-------
Melee: Unarmed           |   176 |    28 ||   204
       Punch             |     2 |       ||     2
  Use: Scroll            |     8 |       ||     8
       Potion            |     2 |       ||     2
 Stab: Sleeping          |     1 |       ||     1
Armor: Leather armour    |    37 |       ||    37
       Robe              |     7 |     5 ||    12
Dodge: Dodged            |    85 |    12 ||    97
